 Dungeon Crawl Stone Soup version 0.28-a0-1199-gef9e1dbd39 (webtiles) character file.

Game seed: 4392861955808743381

55 timneilson the Skirmisher (level 3, 0/29 HPs)
             Began as a Demonspawn Abyssal Knight on Dec 19, 2021.
             Was a Follower of Lugonu.
             Slain by Terence (5 damage)
             ... on level 2 of the Dungeon.
             The game lasted 00:02:23 (1528 turns).

timneilson the Skirmisher (DsAK)                    Turns: 1528, Time: 00:02:23

Health: 0/29       AC:  8    Str: 15    XL:     3   Next: 67%
Magic:  5/5        EV:  6    Int: 11    God:    Lugonu [*.....]
Gold:   66         SH:  0    Dex: 13    Spells: 2/2 levels left

rFire   . . .      SeeInvis .   a - +1 falchion
rCold   . . .      Faith    .   (no shield)
rNeg    . . .      Spirit   .   c - +0 chain mail
rPois   .          Reflect  .   (helmet restricted)
rElec   .          Harm     .   (no cloak)
rCorr   .          Rampage  .   (no gloves)
Will    .....                   (no boots)
Stlth   ..........              (no amulet)
HPRegen 0.09/turn               (no ring)
MPRegen 0.09/turn               (no ring)

@: no status effects
A: antennae 1
a: Renounce Religion, Depart the Abyss


You were on level 2 of the Dungeon.
You worshipped Lugonu.
Lugonu was aware of your devotion.
You visited 1 branch of the dungeon, and saw 2 of its levels.
You visited the Abyss 1 time.

You collected 66 gold pieces.

Inventory:

Hand Weapons
 a - a +1 falchion (weapon)
Armour
 c - a +0 chain mail (worn)
Scrolls
 d - a scroll of blinking
Potions
 b - 2 potions of degeneration {unknown}
 e - a potion of ambrosia {unknown}
 f - a potion of brilliance {unknown}
 g - a potion of mutation {unknown}


   Skills:
 + Level 3.3 Fighting
 * Level 2.3 Long Blades
 * Level 2.5 Armour
 + Level 1.3 Dodging
 + Level 2.8 Invocations


You had 2 spell levels left.
You didn't know any spells.
Your spell library contained the following spells:

 Spells                   Type           Power      Damage    Failure   Level
 Ozocubu's Armour         Ice            0%         N/A       100%        3
 Metabolic Englaciation   Hex/Ice        0%         N/A       100%        5
 Simulacrum               Ice/Necr       0%         N/A       100%        6


Dungeon Overview and Level Annotations

Branches:
Dungeon (2/15)

Altars:

Annotations:
D:2 Terence


Innate Abilities, Weirdness & Mutations

You have a pair of small antennae on your head.


Message History

Terence shouts!
The frilled lizard hisses angrily.
Terence shouts, "DIE!!!"
You see here a rat corpse.
There are monsters nearby!
You miss the frilled lizard. The frilled lizard closely misses you.
Terence asks, "Do you want it fast or slow?"
Terence barely misses you. The frilled lizard barely misses you.
You miss the frilled lizard.
Terence hits you from afar with a +0 trident!
The frilled lizard bites you but does no damage.
You miss the frilled lizard. Terence hits you but does no damage.
The frilled lizard bites you but does no damage.
You closely miss the frilled lizard. Terence barely misses you.
The frilled lizard bites you but does no damage.
Terence hits you but does no damage.
You hit the frilled lizard.
You kill the frilled lizard!
Lugonu accepts your kill.
Terence hits you from afar with a +0 trident.
Terence hits you but does no damage.
You see here a frilled lizard corpse.
You barely miss Terence. Terence hits you with a +0 trident!
You barely miss Terence. Terence hits you but does no damage.
You hit Terence.
Terence is moderately wounded.
Terence hits you but does no damage.
You hit Terence but do no damage.
Terence is moderately wounded.
Terence hits you with a +0 trident. x2
* * * LOW HITPOINT WARNING * * *
You hit Terence but do no damage.
Terence is lightly wounded.
Terence barely misses you.
Your chain mail prevents you from hitting Terence.
Terence is lightly wounded.
Terence hits you but does no damage.
You slash Terence!
Terence is heavily wounded.
Terence hits you with a +0 trident.
You die...

.## .## # #.#
..#### .<# #.#.#
.....## #.#
.#.##
#..#..####.#
...# #
##..#......#
#..#>####
##.#####..#
#†....@..
#>######.###
#.#...l..
#..........# #@#
.....
##########.###@#
..?. #...#.# ...
###[#.# .. #...#
. # ##### ####
...#### .......
####...


You could see Terence.

Vanquished Creatures
  A hound skeleton (D:2)
  2 dart slugs (D:1)
  3 ball pythons
  An endoplasm (D:1)
  A giant cockroach (D:1)
  6 hobgoblins
  5 jackals (D:2)
  2 quokkas
  3 bats
  4 frilled lizards
  2 goblins
  3 kobolds (D:1)
  3 rats (D:2)
36 creatures vanquished.

Notes
Turn   | Place    | Note
-------+----------+-------------------------------------------
     0 | Abyss:1  | timneilson the Demonspawn Abyssal Knight began the quest
                  | for the Orb.
     0 | Abyss:1  | Reached XP level 1. HP: 18/18 MP: 2/2
    12 | Abyss:1  | Found a basalt altar of Yredelemnul.
    17 | Abyss:1  | Found a corrupted altar of Lugonu.
    60 | Abyss:1  | Noticed a starcursed mass
    61 | D:1      | Escaped the Abyss
   236 | D:1      | Reached skill level 1 in Dodging
   252 | D:1      | Reached * piety under Lugonu
   332 | D:1      | Gained mutation: You have a pair of small antennae on your
                  | head. [demonic ancestry]
   332 | D:1      | Reached XP level 2. HP: 9/24 MP: 3/3
   815 | D:1      | Found a faded altar of an unknown god.
  1172 | D:2      | Reached XP level 3. HP: 28/29 MP: 5/5
  1507 | D:2      | Noticed Terence
  1528 | D:2      | Slain by Terence

Illustrated notes

Levels and vault maps discovered:
D:1:      dpeg_arrival_simpleton_c, layout_basic,
          shapermc_ecumenical_altar_mp_highgroup
D:2:      layout_rooms, serial_shops, nicolae_shop_window_shopping, uniq_terence

Skill      XL: |  1 |
---------------+----+-----
Armour         | 2 |  2.5
Dodging        | 1 |  1.3
Long Blades    | 2 |  2.3
Fighting       | |  3.3
Invocations    | |  2.8

Action                   || total
-------------------------++-------
Melee: Falchion          ||   146
Invok: Depart the Abyss  ||     1
  Use: Scroll            ||     1
Armor: Ring mail         ||    83
       Chain mail        ||     9
Dodge: Dodged            ||    88

Table legend: (Time is in decaauts)
 A = Elapsed time spent in this place.
 B = Non-inter-level travel time spent in this place.
 C = Inter-level travel time spent in this place.
 D = Time resting spent in this place.
 E = Time spent auto-exploring this place.
 F = Levels seen in this place.
 G = Mean time per level.
                   A        B        C        D        E       F      G
               +--------+--------+--------+--------+--------+-----+--------+
         Total |   1555 |   1538 |     17 |      0 |   1136 |   3 |  518.3 |
       Dungeon |   1494 |   1477 |     17 |      0 |   1136 |   2 |  747.0 |
         Abyss |     61 |     61 |      0 |      0 |      0 |   1 |   61.0 |
               +--------+--------+--------+--------+--------+-----+--------+

Top non-repeatable levels by time:
     D:1: 1106 daAuts
     D:2: 387 daAuts
 Abyss:1: 61 daAuts
